 Dungeon Crawl Stone Soup version 0.28.0 (webtiles) character file.

Game seed: 8642787043621160118

62 vvl the Stinger (level 3, -4/24 HPs)
             Began as a Demonspawn Venom Mage on Feb 4, 2022.
             Slain by a gnoll (9 damage)
             ... on level 2 of the Dungeon.
             The game lasted 00:05:17 (2129 turns).

vvl the Stinger (Demonspawn Venom Mage)             Turns: 2129, Time: 00:05:17

Health: -4/24      AC:  4    Str:  8    XL:     3   Next: 85%
Magic:  6/6        EV:  6    Int: 18    God:
Gold:   101        SH:  0    Dex: 13    Spells: 5/6 levels left

rFire   + . .      SeeInvis .   n - +0 dagger (flame)
rCold   . . .      Faith    .   (no shield)
rNeg    . . .      Spirit   .   a - +0 robe
rPois   .          Reflect  .   h - +0 hat
rElec   .          Harm     .   (no cloak)
rCorr   .          Rampage  .   k - +0 pair of gloves
Will    .....                   (no boots)
Stlth   ++........              i - amulet of magic regeneration
HPRegen 0.08/turn               g - ring of protection from fire
MPRegen 0.50/turn               (no ring)

@: held
A: hooves 1, rugged brown scales 1
a: no special abilities


You were on level 2 of the Dungeon.
You visited 1 branch of the dungeon, and saw 2 of its levels.

You collected 101 gold pieces.

Inventory:

Hand Weapons
 n - a +0 dagger of flaming (weapon)
Armour
 a - a +0 robe (worn)
 h - a +0 hat (worn)
 k - a +0 pair of gloves (worn)
Jewellery
 g - a ring of protection from fire (left hand)
 i - an amulet of magic regeneration (around neck)
Scrolls
 e - 2 scrolls of torment {unknown}
 j - a scroll of immolation {unknown}
 m - a scroll of enchant weapon {unknown}
Potions
 b - a potion of might {unknown}
 c - a potion of attraction {unknown}
 d - a potion of curing {unknown}
 f - 2 potions of lignification {unknown}
 l - a potion of heal wounds {unknown}


   Skills:
 + Level 2.2 Dodging
 - Level 2.0 Stealth
 + Level 2.4 Spellcasting
 + Level 0.5 Necromancy
 + Level 1.5 Transmutations
 + Level 0.3 Earth Magic
 + Level 3.6 Poison Magic


You had 5 spell levels left.
You knew the following spells:

 Your Spells              Type           Power      Damage    Failure   Level
a - Sting                 Tmut/Pois      44%        1d5       6%          1

Your spell library contained the following spells:

 Spells                   Type           Power      Damage    Failure   Level
 Poisonous Vapours        Pois/Air       16%        N/A       12%         2
 Mephitic Cloud           Conj/Pois/Air  6%         N/A       32%         3
 Olgreb's Toxic Radiance  Pois           15%        N/A       36%         4
 Confusing Touch          Hex            2%         N/A       45%         3
 Inner Flame              Hex/Fire       2%         N/A       45%         3
 Cause Fear               Hex            1%         N/A       86%         4
 Alistair's Intoxication  Tmut/Pois      7%         N/A       86%         5
 Yara's Violent Unravell  Hex/Tmut       2%         3d3       98%         5
 Borgnjor's Vile Clutch   Necr/Erth      1%         N/A       99%         5
 Eringya's Noxious Bog    Tmut/Pois      5%         N/A       100%        6
 Enfeeble                 Hex            1%         N/A       100%        7
 Discord                  Hex            1%         N/A       100%        8


Dungeon Overview and Level Annotations

Branches:
Dungeon (2/15)

Altars:


Innate Abilities, Weirdness & Mutations

You have large cloven feet.
You are partially covered in rugged brown scales. (AC +1, +3% HP)


Message History

You see here a quokka corpse.
A ball python comes into view.
A ball python is nearby!
The ball python barely misses you. The ball python grabs you.
The ball python constricts you.
You closely miss the ball python.
You kick the ball python, but do no damage.
The ball python closely misses you. The ball python constricts you.
You completely miss the ball python. Your kick misses the ball python.
The ball python barely misses you. The ball python constricts you.
You closely miss the ball python. Your kick misses the ball python.
The ball python misses you. The ball python constricts you.
You hit the ball python. You burn the ball python.
You kill the ball python!
No target in view!
No target in view!
No target in view!
No target in view! 2 gnolls come into view.
Found a dagger.
There are monsters nearby!
There are monsters nearby!
There are monsters nearby!
A gnoll comes into view. It is wielding a +0 spear.
Found a scroll labelled ZYTURCH YRIAL.
The sting hits the gnoll but does no damage.
The gnoll is poisoned.
The gnoll shouts!
You hear a shout!
A gnoll comes into view. It is wielding a +0 spear.
The gnoll throws a throwing net.
The throwing net hits you.
You become entangled in the net!
You are held in a net!
You struggle against the net.
The gnoll hits you from afar with a +0 spear.
The gnoll hits you from afar with a +0 halberd!
Ouch! That really hurt!
* * * LOW HITPOINT WARNING * * *
You struggle against the net.
The gnoll hits you from afar with a +0 halberd!
You die...

.....)....#......# .# #.##.#
.................# #.###.##.#
####.............# #.#...##.#
####.#...........# #.#.# #.#
.....#...........# #.#.# #.#
.....#...........# #.#.# #.#
†....#.#.........######.#.####.#
.....#.#...#####........#....#.##
.###.#.# ### #@######.........#
.# #.... #.# #.####.#### .###....


+gg .... #.# ......... #g## ###.#. #.# ...##.... .g. #.#.##.# ......... ... #.#
...# ...#..... #.. #.# #### ...#..... ?... #.# ...#...## You could see 4 gnolls.

Vanquished Creatures
  2 adders (D:2)
  A worm (D:2)
  A dart slug (D:1)
  5 ball pythons
  3 bats
  4 endoplasms
  4 giant cockroaches
  3 goblins (D:1)
  3 hobgoblins
  3 kobolds (D:2)
  A quokka (D:2)
  2 frilled lizards
  4 rats
36 creatures vanquished.

Vanquished Creatures (others)
  A fungus (D:1)
  2 withered plants (D:1)
3 creatures vanquished.

Grand Total: 39 creatures vanquished

Notes
Turn   | Place    | Note
-------+----------+-------------------------------------------
     0 | D:1      | vvl the Demonspawn Venom Mage began the quest for the Orb.
     0 | D:1      | Reached XP level 1. HP: 13/13 MP: 3/3
   160 | D:1      | Reached skill level 1 in Transmutations
   388 | D:1      | Found a faded altar of an unknown god.
   401 | D:1      | Gained mutation: You have large cloven feet. [demonic
                  | ancestry]
   401 | D:1      | Reached XP level 2. HP: 19/19 MP: 1/5
  1394 | D:2      | Gained mutation: You are partially covered in rugged brown
                  | scales. (AC +1, +3% HP) [demonic ancestry]
  1394 | D:2      | Reached XP level 3. HP: 19/24 MP: 6/6
  2129 | D:2      | Slain by a gnoll

Illustrated notes

Levels and vault maps discovered:
D:1:      lightli_arrival_boilingwater, layout_rooms,
          shapermc_ecumenical_altar_gd, minmay_cut_off
D:2:      layout_basic

Skill      XL: |  1  2 |
---------------+-------+-----
Transmutations | 1 |  1.5
Stealth        | 2 |  2.0
Dodging        | 2 |  2.2
Spellcasting   | |  2.4
Necromancy     | |  0.5
Earth Magic    | |  0.3
Poison Magic   | |  3.6

Action                   || total
-------------------------++-------
Melee: Unarmed           ||    44
       Kick              ||     5
       Punch             ||     1
       Dagger            ||     4
 Cast: Sting             ||    67
Armor: Robe              ||    11
Dodge: Dodged            ||    42
